 Dungeon Crawl Stone Soup version 0.27-a0-808-g60bc5d92e6 (webtiles) character file.

Game seed: 8081864540661340775

44 porpoise the Stinger (level 3, -6/18 HPs)
             Began as an Octopode Venom Mage on Mar 29, 2021.
             Was an Initiate of Hepliaklqana.
             Mangled by Crazy Yiuf
             ... wielding a +2 quarterstaff of chaos
              (11 damage)
             ... on level 2 of the Dungeon.
             The game lasted 00:08:25 (1587 turns).

porpoise the Stinger (Octopode Venom Mage)          Turns: 1587, Time: 00:08:27

Health: -6/18      AC:  1    Str:  7    XL:     3   Next: 62%
Magic:  3/6        EV: 13    Int: 18    God:    Hepliaklqana [......]
Gold:   26         SH:  0    Dex: 12    Spells: 3/6 levels left

rFire    . . .     SeeInvis .   a - +2 short sword (speed)
rCold    . . .     Faith    .   (no shield)
rNeg     . . .     Spirit   .   (helmet restricted)
rPois    .         Reflect  .   (no amulet)
rElec    .         Harm     .   (no ring)
rCorr    .         Rampage  .   (no ring)
Will     .....                  (no ring)
Stlth    +++.......             (no ring)
HPRegen  0.06/turn              (no ring)
MPRegen  0.10/turn              (no ring)
                                (no ring)
                                (no ring)

@: very slightly contaminated
A: reduced essence, almost no armour, amphibious, 8 rings, camouflage 1,
gelatinous body 1, (nimble swimmer 1), tentacles
a: Renounce Religion, Recall Ancestor, Ancestor Identity


You were on level 2 of the Dungeon.
You worshipped Hepliaklqana.
Hepliaklqana was noncommittal.
You visited 1 branch of the dungeon, and saw 2 of its levels.

You collected 26 gold pieces.

Inventory:

Hand Weapons
 a - a +2 short sword of speed (weapon)
 w - a +0 dagger
Missiles
 c - 29 stones
Armour
 i - a +0 buckler
Scrolls
 d - a scroll of enchant weapon {unknown}
 e - a scroll of identify {unknown}
 f - a scroll of silence {unknown}
 g - a scroll of summoning {unknown}
 h - 3 scrolls of enchant armour {unknown}
Potions
 b - a potion of curing {unknown}


   Skills:
 * Level 2.8 Dodging
 + Level 3.5 Stealth
 - Level 2.0 Spellcasting
 - Level 1.0 Transmutations
 * Level 4.4 Poison Magic


You had 3 spell levels left.
You knew the following spells:

 Your Spells              Type           Power      Damage    Failure   Level
a - Sting                 Tmut/Pois      44%        1d5       6%          1
b - Poisonous Vapours     Pois/Air       18%        N/A       11%         2

Your spell library contained the following spells:

 Spells                   Type           Power      Damage    Failure   Level
 Ignite Poison            Fire/Tmut/Pois 8%         N/A       26%         3
 Mephitic Cloud           Conj/Pois/Air  7%         N/A       30%         3
 Olgreb's Toxic Radiance  Pois           17%        N/A       30%         4


Dungeon Overview and Level Annotations

Branches:
Dungeon (2/15)

Altars:
Hepliaklqana
Yredelemnul

Annotations:
D:2 Crazy Yiuf


Innate Abilities, Weirdness & Mutations

Your life essence is reduced to manifest your ancestor. (-10% HP)
You cannot wear most types of armour.
You are amphibious.
You can wear up to eight rings at the same time.
Your skin changes colour to match your surroundings (Stealth+).
Your rubbery body absorbs attacks. (AC +1, EV +1)
((You are camouflaged near water. (Stealth+)))
You have tentacles for arms and can constrict up to eight enemies at once.


Message History

Aim: Crazy Yiuf, wielding a +2 quarterstaff of chaos and wearing a +2 cloak of stealth (25% to evade) Really fire in your ally Auntie Matter's direction?
You miscast Sting.
You are very lightly contaminated with residual magic.
Nothing appears to happen.
Crazy Yiuf hits Auntie Matter with a +2 quarterstaff of chaos!
Crazy Yiuf burns Auntie Matter.
Auntie Matter is destroyed!
Unknown command.
Casting: Sting (safe; 6% risk of failure)
Confirm with . or Enter, or press ? or * to list all spells.
Aiming: Sting (safe; 6% risk of failure)
Press: ? - help, Shift-Dir - straight line, f/p - Crazy Yiuf
Aim: Crazy Yiuf, wielding a +2 quarterstaff of chaos and wearing a +2 cloak of stealth (25% to evade)
The sting hits Crazy Yiuf but does no damage.
Crazy Yiuf is poisoned.
Casting: Sting (safe; 6% risk of failure)
Confirm with . or Enter, or press ? or * to list all spells.
Aiming: Sting (safe; 6% risk of failure)
Press: ? - help, Shift-Dir - straight line, f/p - Crazy Yiuf
Aim: Crazy Yiuf, wielding a +2 quarterstaff of chaos and wearing a +2 cloak of stealth (poisoned, 25% to evade)
The sting hits Crazy Yiuf but does no damage.
Crazy Yiuf looks even sicker.
You barely miss Crazy Yiuf. You grab Crazy Yiuf. You squeeze Crazy Yiuf!
Crazy Yiuf is severely wounded.
You constrict Crazy Yiuf, but do no damage.
Crazy Yiuf hits you with a +2 quarterstaff of chaos!
Ouch! That really hurt!
* * * LOW HITPOINT WARNING * * *
You hit Crazy Yiuf but do no damage.
Crazy Yiuf is severely wounded.
You constrict Crazy Yiuf, but do no damage.
Crazy Yiuf closely misses you.
You hit Crazy Yiuf.
You squeeze Crazy Yiuf, but do no damage.
Crazy Yiuf is severely wounded.
You constrict Crazy Yiuf.
Crazy Yiuf hits you with a +2 quarterstaff of chaos!
Ouch! That really hurt!
You die...

#........#
###########.###....#
............# ##..##
.....######## ♣.PPP♣ .....#
♣RP.♣♣ .....# ♣♣.♣♣ # .....#
♣.♣♣ # .....# ♣♣.♣ # #.####
♣@♣♣ # #.# ♣♣g♣ ## #.# #####
#'# #. #.# #...# ... #.
#.#######...# #...# ##### #.
........'.).# #..)#
#...######. #.#######...#
##### #.#R....##. #.# #.).#
#.#.)##.### ..#
####...###########.#..##.###


You could see Crazy Yiuf (very poisoned).

Vanquished Creatures
  An adder (D:2)
  2 worms (D:2)
  4 ball pythons
  3 bats
  3 endoplasms
  A giant cockroach (D:1)
  A hobgoblin (D:1)
  5 jackals (D:1)
  A quokka (D:1)
  2 frilled lizards (D:1)
  4 kobolds
  A rat (D:1)
28 creatures vanquished.

Vanquished Creatures (others)
  An ancestor (D:2)
1 creature vanquished.

Grand Total: 29 creatures vanquished

Notes
Turn   | Place    | Note
-------+----------+-------------------------------------------
     0 | D:1      | porpoise the Octopode Venom Mage began the quest for the
                  | Orb.
     0 | D:1      | Reached XP level 1. HP: 11/11 MP: 3/3
   450 | D:1      | Reached XP level 2. HP: 17/17 MP: 5/5
   453 | D:1      | Learned a level 2 spell: Poisonous Vapours
   539 | D:1      | Reached skill level 4 in Poison Magic
  1098 | D:2      | Found a basalt altar of Yredelemnul.
  1104 | D:2      | Reached XP level 3. HP: 21/21 MP: 6/6
  1167 | D:2      | Found a hazy altar of Hepliaklqana.
  1325 | D:2      | Became a worshipper of Hepliaklqana the Forgotten
  1574 | D:2      | Found a runed translucent door.
  1575 | D:2      | Noticed Crazy Yiuf
  1587 | D:2      | Mangled by Crazy Yiuf

Illustrated notes

Levels and vault maps discovered:
D:1:      lightli_iron_boxes, layout_basic, minmay_misc_feat_room,
          chequers_avenue, chequers_serial_rivers_room_a
D:2:      layout_basic, lemuel_crystal_altar, lemuel_round_altar,
          amethyst_killhole, serial_bayou_pond_e,
          chequers_serial_rivers_small_b, uniq_sigmund, uniq_crazy_yiuf_cottage,
          uniq_robin

Skill      XL: |  1  2 |
---------------+-------+-----
Stealth        | 3 |  3.5
Poison Magic   | 4 |  4.4
Dodging        | |  2.8
Spellcasting   | |  2.0
Transmutations | |  1.0

Action                   || total
-------------------------++-------
Melee: Unarmed           ||     7
       Constrict         ||    10
       Short sword       ||    32
       Tentacles         ||     5
       Dagger            ||     1
 Cast: Sting             ||    17
Invok: Ancestor Identity ||     2
 Stab: Sleeping          ||    13
Armor: Skin              ||     1
Dodge: Dodged            ||    22

Table legend: (Time is in decaauts)
 A = Elapsed time spent in this place.
 B = Non-inter-level travel time spent in this place.
 C = Inter-level travel time spent in this place.
 D = Time resting spent in this place.
 E = Time spent auto-exploring this place.
 F = Levels seen in this place.
 G = Mean time per level.
                   A        B        C        D        E       F      G
               +--------+--------+--------+--------+--------+-----+--------+
         Total |   1575 |   1544 |     31 |    502 |    820 |   2 |  787.5 |
       Dungeon |   1575 |   1544 |     31 |    502 |    820 |   2 |  787.5 |
               +--------+--------+--------+--------+--------+-----+--------+

Top non-repeatable levels by time:
     D:1: 1094 daAuts
     D:2: 481 daAuts
